 Dungeon Crawl Stone Soup version 0.29.1-1-gd02db6906a (webtiles) character file.

Game seed: 18010615546417642219

176 warriortoast the Conjurer (level 5, -2/28 HPs)
             Began as a Deep Elf Conjurer on Oct 12, 2022.
             Killed by divine providence
             ... invoked by an orc priest
              (12 damage)
             ... on level 2 of the Dungeon.
             The game lasted 00:05:41 (2543 turns).

warriortoast the Conjurer (Deep Elf Conjurer)       Turns: 2543, Time: 00:05:42

Health: -2/28      AC:  4    Str:  4    XL:     5   Next: 30%
Magic:  15/15      EV: 12    Int: 25    God:
Gold:   88         SH:  0    Dex: 13    Spells: 11/15 levels left

rFire   . . .      SeeInvis .   c - +1 dagger (holy)
rCold   + . .      Faith    .   (no shield)
rNeg    . . .      Spirit   .   q - +2 robe {rC+}
rPois   .          Reflect  .   (no helmet)
rElec   .          Harm     .   (no cloak)
rCorr   .          Rampage  .   (no gloves)
Will    .....                   (no boots)
Stlth   ++........              (no amulet)
HPRegen 0.09/turn               (no ring)
MPRegen 0.14/turn               (no ring)

@: no status effects
A: no striking features
a: no special abilities


You were on level 2 of the Dungeon.
You visited 1 branch of the dungeon, and saw 3 of its levels.

You collected 88 gold pieces.

Inventory:

Hand Weapons
 c - a +1 dagger of holy wrath (weapon)
Missiles
 i - 6 boomerangs
Armour
 a - a +0 robe
 f - a +0 kite shield
 q - a +2 robe of cold resistance (worn)
Jewellery
 d - a ring of resist corrosion
 m - a ring of protection from cold
Scrolls
 h - a scroll of immolation {unknown}
 k - a scroll of identify {unknown}
 l - a scroll of enchant weapon {unknown}
 p - a scroll of teleportation {unknown}
Potions
 b - a potion of magic
 e - a potion of flight {unknown}
 g - a potion of haste {unknown}
 j - a potion of brilliance {unknown}
 n - a potion of mutation {unknown}
 o - a potion of attraction {unknown}
 r - a potion of heal wounds {unknown}


   Skills:
 - Level 2.4 Dodging
 - Level 2.4 Stealth
 + Level 5.7 Spellcasting
 + Level 6.0 Conjurations


You had 11 spell levels left.
You knew the following spells:

 Your Spells              Type           Power      Damage    Failure   Level
a - Magic Dart            Conj           100%       1d8       1%          1
b - Dazzling Flash        Conj/Hex       44%        N/A       7%          3

Your spell library contained the following spells:

 Spells                   Type           Power      Damage    Failure   Level
 Searing Ray              Conj           74%        2d7       1%          2
 Necrotise                Necr           28%        1d5       8%          1
 Vampiric Draining        Necr           7%         2d6       22%         3
 Fulminant Prism          Conj/Hex       11%        3d9       22%         4
 Iskenderun's Mystic Bla  Conj/Tloc      22%        2d6       22%         4
 Agony                    Necr           7%         N/A       91%         5


Dungeon Overview and Level Annotations

Branches:
Dungeon (3/15)

Altars:


Message History

* * * LOW HITPOINT WARNING * * *
The bat closely misses you. x2
The bat closely misses you. The bat barely misses you.
The bat hits you but does no damage. The bat attacks as you move away!
The bat misses you. The bat closely misses you.
The bat attacks as you move away! The bat hits you but does no damage. x2
The bat hits you but does no damage. The bat hits you but does no damage.
The bat closely misses you. The bat hits you but does no damage.
The bat misses you. The bat closely misses you.
The bat attacks as you move away! The bat hits you but does no damage.
The bat hits you.
* * * LOW HITPOINT WARNING * * *
The bat attacks as you move away! The bat barely misses you. The bat hits you.
* * * LOW HITPOINT WARNING * * *
Found an escape hatch in the ceiling.
The bat hits you but does no damage. The bat attacks as you move away!
The bat barely misses you. The bat hits you but does no damage.
The bat misses you. The bat hits you but does no damage. The bat hits you.
* * * LOW HITPOINT WARNING * * *
The bat hits you but does no damage. The bat attacks as you move away!
The bat misses you.
Found 7 gold pieces.
The bat hits you but does no damage. The bat attacks as you move away!
The bat closely misses you. The bat completely misses you.
There is an escape hatch in the ceiling here.
The bat hits you but does no damage. A mysterious force pulls you upwards.
The hatch slams shut behind you.
Reactivating autopickup.
Found a stone staircase leading down.
You start resting.
An orc priest is nearby!
An orc priest is nearby!
The orc priest invokes the aid of Beogh against you.
Beogh smites you!
You die...

.# # .###.##
#...# ......#
#...# .###..#
##...## .# .#
##..... .# #
..... .# #..>#
.# #...# .#
#.@.# ## #...#
### #...# .o.
##### #...#
### ....
#...##
#.###.........
#..#)o...###.#
#..........
###
#.####..####


You could see an orc priest.

Vanquished Creatures
  An orc priest (D:2)
  Terence (D:2)
  4 gnolls (D:2)
  An adder (D:3)
  3 worms (D:2)
  2 dart slugs
  4 orcs
  8 ball pythons
  3 bats
  2 endoplasms
  2 giant cockroaches (D:1)
  7 hobgoblins
  4 jackals (D:1)
  A quokka (D:2)
  5 frilled lizards
  6 goblins
  A kobold (D:1)
  5 rats
60 creatures vanquished.

Notes
Turn   | Place    | Note
-------+----------+-------------------------------------------
     0 | D:1      | warriortoast the Deep Elf Conjurer began the quest for the
                  | Orb.
     0 | D:1      | Reached XP level 1. HP: 10/10 MP: 6/6
   260 | D:1      | Reached XP level 2. HP: 15/15 MP: 4/8
   663 | D:1      | Found a faded altar of an unknown god.
   752 | D:1      | Reached XP level 3. HP: 19/19 MP: 8/10
   756 | D:1      | Learned a level 3 spell: Dazzling Flash
   786 | D:1      | Reached skill level 5 in Conjurations
  1362 | D:2      | Reached XP level 4. HP: 17/24 MP: 9/12
  1627 | D:2      | Noticed Terence
  1638 | D:2      | Killed Terence
  1639 | D:2      | Reached skill level 5 in Spellcasting
  2316 | D:2      | Reached XP level 5. HP: 20/28 MP: 11/14
  2324 | D:2      | Reached skill level 6 in Conjurations
  2543 | D:2      | Killed from afar by an orc priest

Illustrated notes

Levels and vault maps discovered:
D:1:      minmay_arrival_nine_rooms, layout_basic, basic_ecumenical_altar,
          minmay_tripent
D:2:      cheibrodos_pilgrimage, layout_loops_ring, uniq_terence
D:3:      layout_loops_ring, nicolae_sif_muna_condensation,
          mainiacjoe_overflow_paths

Skill      XL: |  1  2  3  4  5 |
---------------+----------------+-----
Spellcasting   | 4 5 |  5.7
Conjurations   | 5 6 |  6.0
Dodging        | |  2.4
Stealth        | |  2.4

Action                   |  1- 3 |  4- 6 || total
-------------------------+-------+-------++-------
Melee: Dagger            |     2 |       ||     2
 Cast: Magic Dart        |    69 |    83 ||   152
Armor: Robe              |     3 |    43 ||    46
Dodge: Dodged            |    14 |    65 ||    79
